 Dungeon Crawl Stone Soup version 0.20.1-1-g8b1a95d (webtiles) character file.

56 Inarius the Grave Robber (level 3, 0/26 HPs)
             Began as a Demonspawn Necromancer on July 6, 2017.
             Killed from afar by an orc wizard (3 damage)
             ... with a magic dart
             ... on level 1 of the Dungeon.
             The game lasted 00:03:50 (1315 turns).

Inarius the Grave Robber (Demonspawn Necromancer)   Turns: 1315, Time: 00:03:53

Health: 0/26       AC:  3    Str:  8    XL:     3   Next: 69%
Magic:  0/6        EV: 14    Int: 17    God:
Gold:   75         SH:  0    Dex: 18    Spells: 4/6 levels left

rFire    . . .     SeeInvis .   k - +0 short sword
rCold    . . .     Gourm    .   (no shield)
rNeg     . . .     Faith    .   l - +0 leather armour
rPois    .         Spirit   +   (no helmet)
rElec    .         Reflect  .   (no cloak)
rCorr    .         Harm     .   (no gloves)
MR       .....                  (no boots)
Stlth    +++.......             (no amulet)
Regen    0.1/turn               e - +3 ring of evasion
MPRegen  0.1/turn               h - -6 ring of evasion (curse)

@: agile
A: hooves 1, magic shield
a: no special abilities


You were on level 1 of the Dungeon.
You were not hungry.

You visited 1 branch of the dungeon, and saw 2 of its levels.

You collected 75 gold pieces.

Inventory:

Hand Weapons
 k - a +0 short sword (weapon)
Armour
 l - a +0 leather armour (worn)
Jewellery
 e - a +3 ring of evasion (left hand)
 h - a cursed -6 ring of evasion (right hand)
Scrolls
 m - a scroll of remove curse {unknown}
 n - a scroll of fear {unknown}
Potions
 a - a potion of agility
 d - a potion of heal wounds {unknown}
 f - a potion of ambrosia {unknown}
 j - a potion of degeneration {unknown}
Books
 b - a book of Necromancy

   Spells                             Type                      Level
   a - Pain                           Necromancy                   1
   b - Animate Skeleton               Necromancy                   1
   c - Vampiric Draining              Necromancy                   3
   d - Regeneration                   Charms/Necromancy            3
   e - Animate Dead                   Necromancy                   4
   f - Control Undead                 Necromancy                   4
Comestibles
 c - a bread ration
 g - 2 fruits
 i - a chunk of flesh
 o - a meat ration


   Skills:
 * Level 1.1 Fighting
 + Level 0.3 Short Blades
 * Level 1.2 Armour
 + Level 1.9 Dodging
 - Level 1.7 Stealth
 + Level 2.3 Spellcasting
 + Level 4.9 Necromancy


You had 4 spell levels left.
You knew the following spells:

 Your Spells              Type           Power        Failure   Level  Hunger
a - Pain                  Necr           ###.         3%          1    #......
b - Animate Skeleton      Necr           N/A          3%          1    #......


Dungeon Overview and Level Annotations

Branches:
Dungeon (2/15)

Altars:


Innate Abilities, Weirdness & Mutations

You have large cloven feet.
When hurt, damage is shared between your health and your magic reserves.


Message History

The orc wizard closely misses you.
The orc wizard hits you but does no damage.
You climb upwards.
There is a stone staircase leading down here.
You hit the orc wizard.
The orc wizard is lightly wounded.
The orc wizard hits you with a dagger.
You hit the orc wizard.
The orc wizard is moderately wounded.
The orc wizard hits you with a dagger.
* * * LOW HITPOINT WARNING * * *
The orc wizard hits you with a dagger.
* * * LOW HITPOINT WARNING * * *
It was a potion of agility.
You feel agile all of a sudden.
The orc wizard points at you and mumbles some strange words.
The puff of frost misses you. The orc wizard casts a spell at you.
The magic dart hits you!
You die...

..Z....#.##.#
#.....###.#
#.#.##..#.#.#
#.####.#Z##
#.#.##.###..# #.# #..##
#.#.##..#.#.# #.# #..#
............# #.# #..#
..####.####.####.####..#
.......................#
######.........o......##
............####@######
######...........#
#############


You could see an orc wizard.

Vanquished Creatures
  An orc priest (D:2)
  An adder (D:2)
  A dart slug (D:1)
  3 bats (D:1)
  A giant cockroach (D:1)
  A goblin (D:1)
  6 hobgoblins (D:1)
  5 kobolds
  2 ball pythons
  2 frilled lizards (D:1)
  2 rats
25 creatures vanquished.

Vanquished Creatures (collateral kills)
  A hobgoblin (D:1)
1 creature vanquished.

Grand Total: 26 creatures vanquished

Notes
Turn   | Place    | Note
-------+----------+-------------------------------------------
     0 | D:1      | Inarius the Demonspawn Necromancer began the quest for the Orb.
     0 | D:1      | Reached XP level 1. HP: 13/13 MP: 3/3
     2 | D:1      | Learned a level 1 spell: Animate Skeleton
   526 | D:1      | Gained mutation: You have large cloven feet. [demonic ancestry]
   526 | D:1      | Reached XP level 2. HP: 20/20 MP: 3/5
  1040 | D:1      | Reached skill level 1 in Fighting
  1166 | D:2      | Reached skill level 1 in Armour
  1166 | D:2      | Gained mutation: When hurt, damage is shared between your health and your magic reserves. [demonic ancestry]
  1166 | D:2      | Reached XP level 3. HP: 24/26 MP: 2/6
  1315 | D:1      | Killed from afar by an orc wizard

Skill      XL: |  1  2 |
---------------+-------+-----
Fighting       | 1 |  1.1
Armour         | 1 |  1.2
Short Blades   | |  0.3
Dodging        | |  1.9
Stealth        | |  1.7
Spellcasting   | |  2.3
Necromancy     | |  4.9

Action                   || total
-------------------------++-------
Melee: Club              ||     5
       Unarmed           ||     1
       Short sword       ||     8
       Kick              ||     1
 Cast: Pain              ||    38
       Animate Skeleton  ||     8
  Use: Scroll            ||     1
       Potion            ||     1
  Eat: Chunk             ||     2
Armor: Robe              ||     1
       Leather armour    ||     3
Dodge: Dodged            ||     9
